 Dungeon Crawl Stone Soup version 0.28-b1-1-g3c77fb2ed1 (webtiles) character file.

Game seed: 5400664450690919711

52 Minsecho the Vexing (level 3, 0/35 HPs)
             Began as an Ogre Arcane Marksman on Jan 30, 2022.
             Succumbed to an adder's poison
             ... on level 3 of the Dungeon.
             The game lasted 00:03:19 (2429 turns).

Minsecho the Vexing (Ogre Arcane Marksman)          Turns: 2429, Time: 00:03:19

Health: 0/35       AC:  3    Str: 14    XL:     3   Next: 85%
Magic:  2/4        EV: 10    Int: 14    God:
Gold:   73         SH:  0    Dex: 11    Spells: 3/4 levels left

rFire   + . .      SeeInvis .   j - +0 short sword
rCold   + . .      Faith    .   (no shield)
rNeg    . . .      Spirit   .   a - +0 robe
rPois   +          Reflect  .   (helmet restricted)
rElec   +          Harm     .   (no cloak)
rCorr   +          Rampage  .   (gloves unavailable)
Will    .....                   (boots unavailable)
Stlth   +.........              (no amulet)
HPRegen 0.11/turn               (no ring)
MPRegen 0.09/turn               (no ring)

@: mighty, lethally poisoned (0 -> -4), resistant, very slow
A: large, unfitting armour, tough skin 1
a: no special abilities


You were on level 3 of the Dungeon.
You visited 1 branch of the dungeon, and saw 3 of its levels.

You collected 73 gold pieces.

Inventory:

Hand Weapons
 d - a +0 dagger
 j - a +0 short sword (weapon)
Missiles
 b - 4 large rocks (quivered)
 c - 2 throwing nets
Armour
 a - a +0 robe (worn)
Scrolls
 e - a scroll of identify {unknown}
Potions
 i - a potion of attraction {unknown}


   Skills:
 + Level 2.0 Fighting
 + Level 2.1 Throwing
 + Level 2.2 Dodging
 + Level 1.2 Spellcasting
 + Level 3.7 Hexes


You had 3 spell levels left.
You knew the following spells:

 Your Spells              Type           Power      Damage    Failure   Level
a - Slow                  Hex            44%        N/A       5%          1

Your spell library contained the following spells:

 Spells                   Type           Power      Damage    Failure   Level
 Confusing Touch          Hex            11%        N/A       17%         3
 Inner Flame              Hex/Fire       6%         N/A       36%         3
 Portal Projectile        Hex/Tloc       12%        N/A       36%         3
 Vampiric Draining        Necr           0%         2d6       61%         3
 Cause Fear               Hex            5%         N/A       50%         4


Dungeon Overview and Level Annotations

Branches:
Dungeon (3/15)

Altars:

Portals:
Sewer: D:3


Innate Abilities, Weirdness & Mutations

You are too large for most types of armour.
You have tough skin. (AC +1)


Message History

Aim: an adder (chance to affect: 58%)
The adder seems to slow down.
The adder bites you.
* * * LOW HITPOINT WARNING * * *
You are lethally poisoned!
The adder poisons you!
You feel better. The adder bites you.
* * * LOW HITPOINT WARNING * * *
You miss the adder. The adder bites you but does no damage.
You hit the adder.
The adder is moderately wounded.
The adder bites you.
* * * LOW HITPOINT WARNING * * *
You barely miss the adder.
The adder is moderately wounded.
The adder bites you.
* * * LOW HITPOINT WARNING * * *
You barely miss the adder.
The adder is moderately wounded.
The adder closely misses you.
Your magical contamination has completely faded away.
You closely miss the adder.
The adder is moderately wounded.
The adder bites you but does no damage.
You barely miss the adder.
The adder is moderately wounded.
The adder bites you.
* * * LOW HITPOINT WARNING * * *
You are lethally poisoned!
The adder poisons you!
You barely miss the adder.
The adder is moderately wounded.
* * * LOW HITPOINT WARNING * * *
You feel sick. The adder barely misses you.
It was a potion of might.
You feel very mighty all of a sudden.
* * * LOW HITPOINT WARNING * * *
You feel sick. The adder closely misses you.
It was a potion of resistance.
You feel protected.
You die...

####.###..######.#
#...# #..........
#.#.###>##########
#.#....##≈######≈##
#.###.##≈≈≈≈≈†≈≈≈≈#
.. #.##≈≈≈####≈≈≈#
## #.###≈##≈≈##≈##
... #≈#≈∩≈≈#≈# ...
#@#≈≈≈≈#≈#
.#.###S##≈≈##≈##
.#.##≈B≈#≈≈#≈≈≈#
#.#..#≈≈≈≈≈≈#≈≈≈#
##≈######†## ###
#.# #...# #####


You could see an adder (slow) and a giant cockroach.

Vanquished Creatures
  An adder (D:3)
  A worm (D:2)
  A dart slug (D:2)
  2 ball pythons
  2 endoplasms (D:1)
  4 giant cockroaches
  A goblin (D:1)
  2 hobgoblins (D:1)
  4 jackals
  2 quokkas
  A bat (D:1)
  4 frilled lizards (D:1)
  5 kobolds
  9 rats
39 creatures vanquished.

Notes
Turn   | Place    | Note
-------+----------+-------------------------------------------
     0 | D:1      | Minsecho the Ogre Arcane Marksman began the quest for the
                  | Orb.
     0 | D:1      | Reached XP level 1. HP: 19/19 MP: 2/2
   364 | D:1      | Reached skill level 3 in Hexes
   490 | D:1      | Reached XP level 2. HP: 27/27 MP: 3/3
  1372 | D:1      | Reached XP level 3. HP: 29/35 MP: 4/4
  2330 | D:2      | You fall into a shaft and drop 1 floor!
  2410 | D:3      | Found a glowing drain.
  2428 | D:3      | HP: 1/35 [poisoned by an adder]
  2429 | D:3      | Succumbed to an adder's poison

Illustrated notes

Levels and vault maps discovered:
D:1:      ncdulo_halloftheorcs, layout_loops_cross
D:2:      layout_basic, st_stairs_7
D:3:      layout_loops_ring, chequers_ecumenical_altar_simple_redux,
          gup_sewer_entry_bubbles, lemuel_flame_loot_1

Skill      XL: |  1  2  3 |
---------------+----------+-----
Hexes          | 3 |  3.7
Dodging        | 2 |  2.2
Fighting       | 2 |  2.0
Throwing       | |  2.1
Spellcasting   | |  1.2

Action                   || total
-------------------------++-------
Melee: Unarmed           ||    27
       Dagger            ||   130
       Punch             ||     2
       Short sword       ||    67
 Cast: Slow              ||     9
  Use: Potion            ||     4
 Stab: Sleeping          ||     1
Armor: Robe              ||    65
Dodge: Dodged            ||    93
